 Dungeon Crawl Stone Soup version 0.19.4-8-ga85b6b9 (webtiles) character file.

2427 xveg the Archer (level 9, -6/81 HPs)
             Began as a Deep Dwarf Hunter on Feb 11, 2017.
             Was a Believer of Elyvilon.
             Killed from afar by an ice statue (22 damage)
             ... with a freezing blast
             ... on level 7 of the Dungeon.
             The game lasted 00:54:03 (7344 turns).

xveg the Archer (Deep Dwarf Hunter)                 Turns: 7344, Time: 00:54:04

Health: -6/81      AC: 15    Str: 15    XL:     9   Next: 24%
Magic:  9/9        EV:  5    Int: 13    God:    Elyvilon [**....]
Gold:   441        SH:  0    Dex: 19    Spells: 2 memorised, 1 level left

rFire  . . .     SeeInvis .     a - +3 shortbow
rCold  . . .     Gourm    +     G - +0 plate armour
rNeg   . . .     Faith    .     (shield currently unavailable)
rPois  .         Spirit   .     (no helmet)
rElec  .         Reflect  .     A - +0 cloak
rCorr  .         Harm     .     l - +1 pair of gloves
MR     +....                    v - +0 pair of boots
Stlth  ..........               n - amulet of the gourmand
                                S - ring of stealth
                                P - +3 ring of dexterity

@: non-regenerating
A: damage resistance, recharge devices, sense surroundings 2, slow regeneration
3
a: Device Recharging, Lesser Healing, Heal Other, Divine Protection, Renounce
Religion


You were on level 7 of the Dungeon.
You worshipped Elyvilon.
Elyvilon was pleased with you.
You were hungry.

You visited 2 branches of the dungeon, and saw 8 of its levels.
You also visited: Sewer.

You collected 441 gold pieces.

Inventory:

Hand Weapons
 a - a +3 shortbow (weapon)
 b - a +0 short sword
 j - a +0 dagger of speed
 o - a +0 dagger of speed
 u - a +0 scythe
 w - a +1 vampiric dagger
 B - a +0 trident {4}
 D - a +0 short sword
Missiles
 d - 72 arrows (quivered)
 s - 2 javelins
Armour
 l - a +1 pair of gloves (worn)
 v - a +0 pair of boots (worn)
 A - a +0 cloak (worn)
 G - a +0 plate armour (worn)
Jewellery
 n - an amulet of the gourmand (around neck)
 H - an uncursed ring of resist corrosion
 K - an uncursed ring of teleportation
 P - a +3 ring of dexterity (left hand)
 S - a ring of stealth (right hand)
 V - an uncursed ring of magical power
Wands
 e - a wand of heal wounds (1/9)
 T - a wand of acid (8/15)
 U - a wand of slowing (19/48)
 W - a wand of confusion (17/48)
Scrolls
 g - 2 scrolls of magic mapping {unknown}
 q - 2 scrolls of amnesia
 r - 4 scrolls of teleportation
 y - 2 scrolls of fear
 C - a scroll of remove curse
 M - a scroll of identify
 Q - a scroll of random uselessness {unknown}
Potions
 c - a potion of berserk rage {unknown}
 f - a potion of magic
 k - 2 potions of cancellation {unknown}
 m - a potion of lignification {unknown}
 t - a potion of experience {unknown}
 x - a potion of invisibility {unknown}
 z - a potion of flight {unknown}
 E - a potion of cure mutation {unknown}
 F - 2 potions of heal wounds
 I - a potion of degeneration {unknown}
 L - 3 potions of curing {unknown}
 N - a potion of mutation {unknown}
 R - a potion of might {unknown}
Books
 h - a book of Changes

   Spells                             Type                      Level
   a - Beastly Appendage              Transmutation                1
   b - Sticks to Snakes               Transmutation                2
   c - Spider Form                    Transmutation/Poison         3
   d - Ice Form                       Ice/Transmutation            4
   e - Blade Hands                    Transmutation                5
 p - Sif Muna's Catalogue of Augmentations and Attacks
   (You found it on level 3 of the Dungeon)

   Spells                             Type                      Level
   a - Swiftness                      Charms/Air                   2
   b - Mephitic Cloud                 Conjuration/Poison/Air       3
   c - Dazzling Spray                 Conjuration/Hexes            3
   d - Bolt of Magma                  Conjuration/Fire/Earth       5
Comestibles
 i - 2 beef jerkies
 J - a bread ration
 O - 7 fruits


   Skills:
 * Level 5.2 Fighting
 - Level 1.3 Short Blades
 * Level 8.3 Bows
 + Level 2.9 Armour
 - Level 2.5 Dodging
 - Level 1.4 Stealth
 * Level 3.7 Evocations


You had one spell level left.
You knew the following spells:

 Your Spells              Type           Power        Failure   Level  Hunger
a - Swiftness             Chrm/Air       #.......     100%        2    ###....
b - Bolt of Magma         Conj/Fire/Erth #.........   100%        5    ######.


Dungeon Overview and Level Annotations

Branches:
Dungeon (7/15)             Temple (1/1) D:4

Altars:
Ashenzari
Cheibriados
Dithmenos
Elyvilon
Fedhas
Gozag
Hepliaklqana
Nemelex Xobeh
Qazlal
Ru
Sif Muna
Trog
Uskayaw
Vehumet
Xom
Zin
The Shining One

Annotations:
D:7 exclusion: ice statue


Innate Abilities, Weirdness & Mutations

You are resistant to damage.
You can recharge devices by infusing magical energy.
You passively map the area around you.
You do not regenerate.


Message History

You shoot an arrow.
The arrow hits the ice statue but does no damage.
The ice statue is lightly damaged.
The ice statue gestures.
d - 68 arrows (gained 17)
The ice statue gestures.
There are no items here.
Unknown command.
You see here an arrow.
d - 69 arrows (gained 1)
The ice statue glitters chillingly in the dim dungeon light.
You see here 3 arrows.
d - 72 arrows (gained 3)
The ice statue gestures at you. The bolt of cold hits you!
* * * LOW HITPOINT WARNING * * *
The ice statue gestures at you.
The freezing blast hits the ice beast.
The ice beast completely resists.
The freezing blast hits you!
You die...

#.#
#.#.#.####.##.##.#..........
#.# #.#.#.#
#.##.##.#.......###
#.####.#.#.#
#.##.##.#.......# #
.......#.#.#
#.##.##.###...### #
#.######.#.# #.##.##.# #...#
# ..# #######.# #.### # ###
* * ############.# #.# #
#### , ..≈≈≈.(...⌠#.###.* #
...#* ,..≈≈≈(Y@.......#. #
#### ..≈8§.......##.#.# #
..≈≈≈......###.#.####### ,,
..≈≈≈.....⌠.##.#.##..... **
*###########.##.#.##.#### *
** * * #....#.#...... *
#.####.#..####
#)####.#..#### , * * * *
#.....#.......


You could see an ice statue and an ice beast.

Vanquished Creatures
  Grinder (D:3)
  Sigmund (D:3)
  A phantom (D:6)
  2 ice beasts
  4 ogres
  2 centaurs (D:7)
  A crocodile (Sewer)
  3 bullfrogs (D:7)
  2 scorpions
  5 killer bees (D:7)
  A bullfrog zombie (D:6)
  2 hounds (D:4)
  An orc priest (D:5)
  A jelly (D:5)
  An iguana (D:5)
  7 orc wizards
  5 worker ants
  A hound skeleton (D:5)
  6 adders
  A river rat (D:4)
  An ooze (D:4)
  An adder zombie (D:5)
  2 worms
  3 dart slugs
  2 leopard geckos
  21 orcs
  7 ball pythons
  8 bats
  3 giant cockroaches
  6 goblins
  10 hobgoblins
  23 jackals
  A quokka (D:2)
  7 frilled lizards
  12 kobolds
  A leopard gecko skeleton (D:5)
  11 rats
167 creatures vanquished.

Notes
Turn   | Place    | Note
-------+----------+-------------------------------------------
     0 | D:1      | xveg the Deep Dwarf Hunter began the quest for the Orb.
     0 | D:1      | Reached XP level 1. HP: 19/19 MP: 1/1
    19 | D:1      | Reached skill level 3 in Bows
    88 | D:1      | Reached XP level 2. HP: 20/26 MP: 2/2
   359 | D:1      | Reached XP level 3. HP: 25/32 MP: 3/3
  1100 | D:2      | Reached XP level 4. HP: 27/40 MP: 4/4
  1141 | D:2      | Reached skill level 4 in Bows
  1197 | D:2      | Found a faded altar of an unknown god.
  1221 | D:2      | Became a worshipper of Uskayaw the Reveler
  1221 | D:2      | Reached * piety under Uskayaw
  1297 | D:2      | Found a blossoming altar of Fedhas.
  1298 | D:2      | Found a radiant altar of Vehumet.
  2076 | D:3      | Noticed Grinder
  2090 | D:3      | Paralysed by Grinder for 4 turns
  2099 | D:3      | Reached ** piety under Uskayaw
  2104 | D:3      | Killed Grinder
  2104 | D:3      | Reached skill level 1 in Armour
  2104 | D:3      | Reached XP level 5. HP: 41/49 MP: 5/5
  2104 | D:3      | Reached XP level 6. HP: 47/56 MP: 6/6
  2104 | D:3      | Reached *** piety under Uskayaw
  2182 | D:3      | Noticed Sigmund
  2194 | D:3      | Killed Sigmund
  2194 | D:3      | Reached skill level 5 in Bows
  2196 | D:3      | Reached **** piety under Uskayaw
  2208 | D:3      | Reached ***** piety under Uskayaw
  2445 | D:3      | Reached XP level 7. HP: 30/62 MP: 7/7
  2532 | D:3      | Identified Sif Muna's Catalogue of Augmentations and Attacks
  2802 | D:4      | Found a staircase to the Ecumenical Temple.
  3021 | D:4      | Found a glowing drain.
  3030 | Sewer    | Entered a sewer
  3241 | Sewer    | Reached skill level 6 in Bows
  3329 | Sewer    | Learned a level 2 spell: Swiftness
  3647 | D:4      | Reached skill level 1 in Short Blades
  4346 | Temple   | Entered the Ecumenical Temple
  4594 | Temple   | Fell from the grace of Uskayaw
  4594 | Temple   | Became a worshipper of Elyvilon the Healer
  4701 | D:5      | Entered Level 5 of the Dungeon
  4961 | D:5      | Reached XP level 8. HP: 20/72 MP: 7/7
  4996 | D:5      | Learned a level 5 spell: Bolt of Magma
  5434 | D:5      | Reached skill level 1 in Evocations
  5519 | D:5      | Reached * piety under Elyvilon
  6163 | D:6      | Reached skill level 7 in Bows
  6248 | D:6      | Paralysed by the fury of Uskayaw for 7 turns
  6440 | D:6      | Found a hazy altar of Hepliaklqana.
  6441 | D:6      | Found a shattered altar of Ashenzari.
  6878 | D:7      | Reached ** piety under Elyvilon
  7097 | D:7      | Reached skill level 8 in Bows
  7123 | D:7      | Gained mutation: You passively map the area around you. [Deep Dwarf growth]
  7123 | D:7      | Reached XP level 9. HP: 29/80 MP: 9/9
  7128 | D:7      | Reached skill level 5 in Fighting
  7256 | D:7      | Noticed an ice statue
  7344 | D:7      | Killed from afar by an ice statue

Skill      XL: |  1  2  3  4  5  6  7  8  9 |
---------------+----------------------------+-----
Bows           | 3 4 5 6 8 |  8.3
Fighting       | 2 3 4 5 |  5.2
Armour         | 1 2 |  2.9
Short Blades   | 1 |  1.3
Evocations     | 3 |  3.7
Dodging        | |  2.5
Stealth        | |  1.4

Action                   |  1- 3 |  4- 6 |  7- 9 || total
-------------------------+-------+-------+-------++-------
Melee: Short sword       |    41 |    54 |   175 ||   270
 Fire: Shortbow          |   102 |    77 |   411 ||   590
Invok: Stomp             |       |       |     1 ||     1
       Lesser Healing    |       |       |     8 ||     8
 Abil: Device Recharging |       |       |     2 ||     2
Evoke: Wand              |       |     1 |     9 ||    10
  Use: Scroll            |     2 |     5 |     5 ||    12
       Potion            |       |       |     3 ||     3
  Eat: Bread ration      |       |     1 |     1 ||     2
       Chunk             |       |     8 |     5 ||    13
       Meat ration       |       |       |     1 ||     1
Armor: Leather armour    |     4 |       |       ||     4
       Chain mail        |    64 |    64 |   100 ||   228
       Plate armour      |       |       |   260 ||   260
Dodge: Dodged            |    39 |    24 |   154 ||   217
